 Dungeon Crawl Stone Soup version 0.31-a0-187-gba352fbbf7 (webtiles) character file.

Game seed: 9479059704354274377

28 qw the Shooter (level 2, -1/16 HPs)
             Began as a Deep Elf Hunter on June 22, 2023.
             Succumbed to their own poison gas
             ... on level 1 of the Dungeon.
             The game lasted 00:00:16 (715 turns).

qw the Shooter (Deep Elf Hunter)                     Turns: 715, Time: 00:00:17

Health: -1/16      AC:  3    Str:  8    XL:     2   Next: 96%
Magic:  4/4        EV: 12    Int: 13    God:
Gold:   61         SH:  0    Dex: 18    Spells: 1/1 levels left

rFire   . . .        Y - +0 shortbow
rCold   . . .        (shield currently unavailable)
rNeg    . . .        c - +0 leather armour
rPois   .            (no helmet)
rElec   .            (no cloak)
rCorr   .            (no gloves)
SInv    .            (no boots)
Will    .....        (no amulet)
Stlth   ++           (no ring)
HPRegen 0.22/turn    (no ring)
MPRegen 0.09/turn

%: no passive effects
@: lethally poisoned (-1 -> -13)
A: no striking features
a: no special abilities


You were on level 1 of the Dungeon.
You visited 1 branch of the dungeon, and saw 1 of its levels.

You collected 61 gold pieces.


   Skills:
 - Level 1.5 Fighting
 + Level 6.6 Ranged Weapons
 - Level 2.4 Dodging
 - Level 1.2 Stealth


You had one spell level left.
You didn't know any spells.
Your spell library was empty.

Inventory:

Hand Weapons
 Y - a +0 shortbow (weapon)
Armour
 c - a +0 leather armour (worn)
Scrolls
 a - a scroll of identify
Potions
 d - a potion of resistance {unknown}
 e - a potion of heal wounds {unknown}
 f - a potion of invisibility {unknown}
 h - a potion of brilliance {unknown}

Dungeon Overview and Level Annotations

Branches:
Dungeon (1/15)

Altars:


Message History

Enter note:
Enter note:
Enter note: Really walk into that cloud of poison gas?
You are engulfed in poison gas.
You are lethally poisoned!
You feel very sick.
701 ||| Stepping ~*~*~tactically~*~*~ (cloud).
You feel very sick.
You see here a scroll of butterflies.
702 ||| DRINKING 3 potions of curing.
You feel better.
702 ||| (to cure poison) Really walk into that cloud of poison gas?
You are engulfed in poison gas.
You are lethally poisoned!
You feel very sick.
704 ||| Stepping ~*~*~tactically~*~*~ (cloud).
You feel very sick.
You see here a scroll of butterflies.
705 ||| DRINKING 2 potions of curing.
You feel better.
705 ||| (to cure poison)
You start resting.
HP restored.
Really walk into that cloud of poison gas?
You are engulfed in poison gas.
You are poisoned.
You feel very sick.
710 ||| Stepping ~*~*~tactically~*~*~ (cloud).
You feel very sick.
711 ||| DRINKING potion of curing.
You feel better.
711 ||| (to cure poison)
You start resting.
HP restored.
Really walk into that cloud of poison gas?
You are engulfed in poison gas.
You are lethally poisoned!
You feel very sick.
There is a lethal amount of poison in your body!
You feel very sick.
There is a lethal amount of poison in your body!
You die...

###......# #.#.....#
#........ ##<########
#.#.....# ###.#####
........# #.#.....# #.# #
##'####+# #.#.....# #.# #
.....#..# #...0...# #(#####
.......## ####.#### #....%.
......##########.#######
#######
......#...........0....#
#...###...#.##.#@....0.#####
#...##......##.#.......0...#
######......##.......0.###.#
#......##...0.?.#.# #.#
##...#...0........# #.#
##.######...0.#### #.# #.#
#00...# #.# #.#
#.....######.### #.#
#.....##.......#


There were no monsters in sight!

Vanquished Creatures
  A dart slug (D:1)
  2 endoplasms (D:1)
  A giant cockroach (D:1)
  A goblin (D:1)
  2 hobgoblins (D:1)
  3 jackals (D:1)
  A quokka (D:1)
  5 ball pythons (D:1)
  3 bats (D:1)
  3 frilled lizards (D:1)
  A kobold (D:1)
23 creatures vanquished.

Notes
Turn   | Place    | Note
-------+----------+-------------------------------------------
     0 | D:1      | qw the Deep Elf Hunter began the quest for the Orb.
     0 | D:1      | Reached XP level 1. HP: 12/12 MP: 3/3
     0 | D:1      | 0 ||| qw: Version: 0.3-a-9-g12657ce
     0 | D:1      | 0 ||| qw: Game counter: 2369
     0 | D:1      | 0 ||| qw: Always use a shield: true
     0 | D:1      | 0 ||| qw: God list: Okawaru
     0 | D:1      | 0 ||| qw: Allow faded altars: false
     0 | D:1      | 0 ||| qw: Do Orc after D:15 true
     0 | D:1      | 0 ||| qw: Do second Lair branch before Depths: true
     0 | D:1      | 0 ||| qw: Lair rune preference: random
     0 | D:1      | 0 ||| qw: Plans: Normal
     0 | D:1      | 0 ||| PLANNING D:1-11
    70 | D:1      | Found a faded altar of an unknown god.
   140 | D:1      | Reached skill level 6 in Ranged Weapons
   140 | D:1      | Reached XP level 2. HP: 16/16 MP: 4/4
   695 | D:1      | 695 ||| READING 2 scrolls labelled ODWEDI REYHEA.
   696 | D:1      | 696 ||| READING scroll labelled ASEECW IVEV.
   697 | D:1      | 697 ||| READING scroll labelled SUUHUH DU KEHUU.
   698 | D:1      | 698 ||| DRINKING 4 amethyst potions.
   699 | D:1      | 699 ||| DROPPING scroll of butterflies.
   701 | D:1      | 701 ||| Stepping ~*~*~tactically~*~*~ (cloud).
   702 | D:1      | 702 ||| DRINKING 3 potions of curing.
   702 | D:1      | 702 ||| (to cure poison)
   704 | D:1      | 704 ||| Stepping ~*~*~tactically~*~*~ (cloud).
   704 | D:1      | HP: 4/16 [poisoned by you (poison gas)]
   705 | D:1      | 705 ||| DRINKING 2 potions of curing.
   705 | D:1      | 705 ||| (to cure poison)
   710 | D:1      | 710 ||| Stepping ~*~*~tactically~*~*~ (cloud).
   711 | D:1      | 711 ||| DRINKING potion of curing.
   711 | D:1      | 711 ||| (to cure poison)
   714 | D:1      | HP: 2/16 [poisoned by you (poison gas)]
   715 | D:1      | Succumbed to their own poison gas

Levels and vault maps discovered:
D:1:      minmay_arrival_three_doors, layout_loops_cross, basic_ecumenical_altar

Skill      XL: |  1 |
---------------+----+-----
Ranged Weapons | 6 |  6.6
Fighting       | |  1.5
Dodging        | |  2.4
Stealth        | |  1.2

Action                     || total
---------------------------++-------
   Fire: Shortbow          ||    54
    Use: Potion            ||     4
         Scroll            ||     3
 Armour: Leather armour    ||     3
  Dodge: Dodged            ||    16

Table legend:
 A = Non-vault XP
 B = Vault XP
 C = Vault XP percentage of total XP
 D = Non-vault monster count
 E = Vault monster count
 F = Vault count percentage of total count
                 A         B        C        D         E       F
            +---------+---------+-------+---------+---------+-------
      Total |      40 |       0 |   0.0 |      23 |       0 |   0.0
            +---------+---------+-------+---------+---------+-------
        D:1 |      40 |       0 |   0.0 |      23 |       0 |   0.0
            +---------+---------+-------+---------+---------+-------
